 Dungeon Crawl Stone Soup version 0.19.1-1-g22dce08 (webtiles) character file.

4043 Alarkh the Cleaver (level 10, 47/70 (71) HPs)
             Began as a Demonspawn Monk on Jan 7, 2017.
             Was a High Priest of Okawaru.
             Quit the game on level 8 of the Dungeon.
             The game lasted 00:10:29 (7500 turns).

Alarkh the Cleaver (Demonspawn Monk)                Turns: 7500, Time: 00:10:30

HP:   47/70 (71)    AC: 12    Str: 11    XL:     10   Next: 4%
MP:   12/12         EV:  9    Int: 15    God:    Okawaru [*****.]
Gold: 389           SH: 10    Dex: 16    Spells: 0 memorised, 9 levels left

rFire  . . .     SeeInvis +     a - +0 war axe
rCold  . . .     Gourm    .     G - +1 ring mail {MR+}
rNeg   . . .     Faith    .     i - +3 shield
rPois  .         Spirit   .     (helmet unavailable)
rElec  .         Reflect  .     r - +2 cloak
rCorr  .         Harm     .     (no gloves)
MR     +....                    o - +2 pair of boots
Stlth  +.........               (no amulet)
                                (no ring)
                                (no ring)

@: no status effects
A: antennae 3, spiny 2, rot immunity
a: Heroism, Finesse, Renounce Religion


You were on level 8 of the Dungeon.
You worshipped Okawaru.
Okawaru was extremely pleased with you.
You were not hungry.

You visited 2 branches of the dungeon, and saw 9 of its levels.
You also visited: Sewer.

You collected 389 gold pieces.

Inventory:

Hand Weapons
 a - a +0 war axe (weapon)
 I - a +1 hand axe
Armour
 b - a +0 robe
 i - a +3 shield (worn)
 o - a +2 pair of boots (worn)
 q - a +1 helmet
 r - a +2 cloak (worn)
 F - a +0 leather armour
 G - a +1 ring mail of magic resistance (worn)
Wands
 u - a wand of lightning (6/15)
 w - a wand of flame (20/48)
 C - a wand of confusion (30/48)
Scrolls
 d - 5 scrolls of remove curse
 e - 2 scrolls of identify
 h - 4 scrolls of fog
 k - 3 scrolls of teleportation
 p - a scroll of immolation {unknown}
 s - a scroll of noise {unknown}
 y - a scroll of fear {unknown}
 B - 2 scrolls of amnesia {unknown}
 D - 2 scrolls of blinking {unknown}
 J - a scroll of recharging {unknown}
Potions
 g - 3 potions of curing
 j - 3 potions of brilliance
 n - a potion of berserk rage
 v - a potion of cancellation
 x - 2 potions of haste
 z - 2 potions of magic {unknown}
 A - a potion of might
 E - a potion of agility {unknown}
Comestibles
 c - 4 bread rations
 f - a meat ration
 l - 2 slices of pizza
 m - 4 fruits
 t - 3 beef jerkies


   Skills:
 + Level 3.8 Fighting
 * Level 12.5 Axes
 + Level 1.9 Armour
 + Level 3.5 Dodging
 - Level 1.7 Stealth
 + Level 3.0 Invocations


You had 9 spell levels left.
You didn't know any spells.

Dungeon Overview and Level Annotations

Branches:
Dungeon (8/15)             Temple (1/1) D:4
   Lair: D:8-11

Altars:
Ashenzari
Cheibriados
Dithmenos
Elyvilon
Fedhas
Gozag
Hepliaklqana
Kikubaaqudgha
Nemelex Xobeh
Okawaru
Qazlal
Ru
Sif Muna
Trog
Uskayaw
Vehumet
Xom
Yredelemnul
Zin
The Shining One


Innate Abilities, Weirdness & Mutations

You have a pair of large antennae on your head. (SInv)
You are mostly covered in sharp spines.
You are immune to rotting.


Message History

Your demonic ancestry asserts itself...
You feel immune to rotting.
You feel sick.
All of the chunks of flesh in your inventory have rotted away.
There is an open door here.
You see here a hornet corpse.
You feel sick.
You feel sick.
You feel sick.
You feel like a meek peon again.
You feel sick.
You feel sick.
You feel sick.
You are no longer poisoned.
There is an open door here.
There is an open door here.
Done exploring.
Done exploring.
Done exploring.
Are you sure you want to abandon this character and quit the game? (Confirm with "yes".)

.......# #.##.#
#.#...#.#.
.......#########.##.#
#.#.....#.
.......'......##.##.#
#.#.#.#.#.
.......######.##.#..#
#.#...#"#. '#######
#.##.#.#####.#####.#.
.#
#.##.#.##..........#.
##
#.##.#.##.##.##......
#.##.#.##.##.##.#####
#.##@#.##.##.##)####
#....#.......##....#
#########.......##.#
#######.##.# #.##.#
######.##.#
#......##.#
#.#######.#
#.#######.#


There were no monsters in sight!

Vanquished Creatures
  A hornet (D:8)
  Prince Ribbit (D:6)
  A two-headed ogre (D:8)
  2 hippogriffs (D:7)
  Grinder (D:6)
  Menkaure (D:6)
  Duvessa (D:7)
  A black bear (D:8)
  A necrophage (D:6)
  An ice beast (D:5)
  A sky beast (D:7)
  2 phantoms (D:6)
  2 centaurs
  2 ogres
  A gnoll sergeant (D:6)
  3 bullfrogs
  A water moccasin zombie (D:7)
  Dowan (D:7)
  4 scorpions
  2 water moccasin skeletons
  A howler monkey (D:4)
  A crimson imp (D:8)
  A bullfrog zombie (D:6)
  3 orc priests
  A jelly (D:5)
  Crazy Yiuf (D:2)
  2 bullfrog skeletons (D:5)
  2 hounds
  9 orc wizards
  An iguana (D:4)
  6 worker ants
  A killer bee zombie (D:7)
  3 hound skeletons
  A worker ant zombie (D:5)
  Robin (D:2)
  A howler monkey skeleton (D:8)
  4 gnolls (D:6)
  13 adders
  2 river rats (Sewer)
  An ooze (D:2)
  2 adder zombies
  2 worms
  A dart slug (D:2)
  2 leopard geckos
  21 orcs
  6 giant cockroaches
  12 goblins
  8 hobgoblins
  14 jackals
  5 quokkas
  7 ball pythons
  7 bats
  9 frilled lizards
  9 kobolds
  A quokka zombie (D:7)
  17 rats
208 creatures vanquished.

Vanquished Creatures (others)
  A bush (D:5)
1 creature vanquished.

Grand Total: 209 creatures vanquished

Notes
Turn   | Place    | Note
-------+----------+-------------------------------------------
     0 | D:1      | Alarkh the Demonspawn Monk began the quest for the Orb.
     0 | D:1      | Reached XP level 1. HP: 18/18 MP: 1/1
   158 | D:1      | Reached skill level 3 in Axes
   357 | D:1      | Gained mutation: You are partially covered in sharp spines. [demonic ancestry]
   357 | D:1      | Reached XP level 2. HP: 24/24 MP: 2/2
   841 | D:2      | Reached XP level 3. HP: 25/29 MP: 3/3
   855 | D:2      | Found a runed door.
   899 | D:2      | Noticed Robin
   903 | D:2      | Reached skill level 4 in Axes
   912 | D:2      | Killed Robin
   985 | D:2      | Found an opulent altar of Gozag.
  1095 | D:2      | Reached XP level 4. HP: 27/35 MP: 4/4
  1129 | D:2      | Found a glowing silver altar of Zin.
  1581 | D:2      | Noticed Crazy Yiuf
  1601 | D:2      | Killed Crazy Yiuf
  1665 | D:3      | Found a white marble altar of Elyvilon.
  1686 | D:3      | Reached skill level 5 in Axes
  1699 | D:3      | Found a stormy altar of Qazlal.
  1801 | D:3      | Gained mutation: You have a pair of small antennae on your head. [demonic ancestry]
  1801 | D:3      | Reached XP level 5. HP: 39/41 MP: 5/5
  1804 | D:3      | Found a sacrificial altar of Ru.
  1898 | D:3      | Found a glowing drain.
  1927 | D:3      | Found a shadowy altar of Dithmenos.
  1947 | Sewer    | Entered a sewer
  2775 | D:4      | Reached skill level 6 in Axes
  2850 | D:4      | Found a staircase to the Ecumenical Temple.
  2861 | D:4      | Gained mutation: You have a pair of antennae on your head. [demonic ancestry]
  2861 | D:4      | Reached XP level 6. HP: 43/47 MP: 6/6
  2874 | Temple   | Entered the Ecumenical Temple
  2932 | Temple   | Became a worshipper of Warmaster Okawaru
  2932 | Temple   | Reached * piety under Okawaru
  2932 | Temple   | Reached ** piety under Okawaru
  3244 | D:4      | Reached skill level 7 in Axes
  3249 | D:4      | Gained mutation: You are mostly covered in sharp spines. [demonic ancestry]
  3249 | D:4      | Reached XP level 7. HP: 20/52 MP: 7/7
  3652 | D:5      | Entered Level 5 of the Dungeon
  3712 | D:5      | Reached skill level 8 in Axes
  4328 | D:5      | Found a sparkling altar of Nemelex Xobeh.
  4388 | D:5      | Found a sparkling altar of Nemelex Xobeh.
  4869 | D:6      | Reached skill level 9 in Axes
  4869 | D:6      | Reached XP level 8. HP: 52/57 MP: 8/8
  4884 | D:6      | Reached *** piety under Okawaru
  5511 | D:6      | Reached skill level 10 in Axes
  5680 | D:6      | Noticed Prince Ribbit
  5693 | D:6      | Killed Prince Ribbit
  5824 | D:6      | Noticed Grinder
  5835 | D:6      | Killed Grinder
  5835 | D:6      | Reached skill level 11 in Axes
  5835 | D:6      | Gained mutation: You have a pair of large antennae on your head. (SInv) [demonic ancestry]
  5835 | D:6      | Reached XP level 9. HP: 54/62 MP: 9/9
  5978 | D:7      | Reached **** piety under Okawaru
  6225 | D:7      | Noticed Menkaure
  6244 | D:6      | Killed Menkaure
  6308 | D:7      | Noticed Duvessa
  6308 | D:7      | Noticed Dowan
  6332 | D:7      | Killed Duvessa
  6332 | D:7      | Reached skill level 12 in Axes
  6335 | D:7      | Killed Dowan
  6421 | D:7      | Reached ***** piety under Okawaru
  6421 | D:7      | Reached skill level 1 in Invocations
  6605 | D:7      | Reached skill level 1 in Armour
  7443 | D:8      | Paralysed by a hornet for 2 turns
  7450 | D:8      | Gained mutation: You are immune to rotting. [demonic ancestry]
  7450 | D:8      | Reached XP level 10. HP: 43/70 MP: 9/12
  7500 | D:8      | Quit the game

Skill      XL: |  1  2  3  4  5  6  7  8  9 |
---------------+----------------------------+-----
Axes           | 3 4 5 6 7 9 11 12 | 12.5
Invocations    | 3 |  3.0
Armour         | 1 |  1.9
Dodging        | 3 |  3.5
Fighting       | |  3.8
Stealth        | |  1.7

Action                   |  1- 3 |  4- 6 |  7- 9 | 10-12 || total
-------------------------+-------+-------+-------+-------++-------
Melee: Hand axe          |    86 |   188 |   448 |       ||   722
       War axe           |       |       |     5 |       ||     5
Invok: Heroism           |       |       |     1 |       ||     1
  Use: Scroll            |     8 |     3 |     7 |       ||    18
       Potion            |     1 |     3 |       |       ||     4
 Stab: Sleeping          |     4 |     8 |     3 |       ||    15
  Eat: Chunk             |     1 |     7 |    14 |       ||    22
Armor: Robe              |    18 |    42 |     7 |       ||    67
       Leather armour    |       |       |    39 |       ||    39
       Ring mail         |       |       |    96 |       ||    96
Dodge: Dodged            |    37 |    55 |   103 |       ||   195
Block: Shield            |    45 |    84 |   207 |       ||   336
